Map: Cerulean Fall LE

Players

Sketchaphone

  • Race: Zerg Zerg
  • League: Gold
  • Spawn Location: 1:00

murkleston - Winner!

  • Race: Terran Terran
  • League: Diamond
  • Spawn Location: 7:00

VOD

Have the link to the VOD?

Description

Time

  • Played on: Nov. 10, 2018, 1:03 p.m.
  • Length: 12:03
Show
View Real Time Build Order
Export as new Build Order

Sketchaphone Zerg 

Build Orders: Hatch First 

Get SALT Encoding   

  12  0:01  Drone  
  13  0:12  Overlord  
  13  0:18  Drone  
  14  0:37  Drone  
  14  0:38  Drone x2  
  17  1:00  Drone  
  18  1:04  Hatchery  
  17  1:20  Spawning Pool  
  17  1:21  Drone x2  
  18  1:29  Drone  
  19  1:33  Drone  
  20  1:44  Overlord  
  20  2:01  Drone  
  20  2:08  Queen  
  20  2:11  Drone, Extractor  
  22  2:20  Hatchery  
  22  2:22  Drone  
  22  2:26  Overlord  
  22  2:31  Queen  
  24  2:43  Overlord  
  24  2:46  Queen  
  24  2:48  Drone  
  27  2:56  Overlord  
  27  3:09  Extractor  
  27  3:11  Drone  
  27  3:12  Drone x2  
  28  3:14  Zergling x2, Drone  
  30  3:24  Drone  
  30  3:35  Spine Crawler  
  30  3:37  Queen  
  30  3:38  Drone  
  32  3:44  Overlord  
  32  3:47  Metabolic Boost  
  32  4:01  Drone x4  
  35  4:04  Drone  
  36  4:18  Drone  
  36  4:19  Drone  
  36  4:20  Lair  
  36  4:23  Zergling x4  
  40  4:27  Drone  
  40  4:28  Drone  
  40  4:30  Drone  
  43  4:43  Spine Crawler  
  42  4:46  Spine Crawler  
  42  4:52  Pneumatized Carapace  
  41  5:00  Drone x2  
  41  5:03  Drone  
  41  5:04  Drone x7  
  51  5:23  Queen  
  51  5:24  Drone x3  
  51  5:25  Zergling x8  
  56  6:00  Zergling x24  
  56  6:02  Roach Warren  
  51  6:16  Drone x4  
  54  6:31  Overlord x2  
  54  6:42  Baneling Nest, Spore Crawler  
  54  6:43  Overlord x6  
  52  6:50  Overlord  
  52  7:11  Drone x4  
  52  7:12  Drone x5  
  52  7:14  Evolution Chamber  
  58  7:24  Overlord  
  56  7:32  Baneling  
  56  7:33  Baneling x5  
  56  7:34  Baneling x3  
  56  7:36  Overlord  
  56  7:45  Zergling x14  
  49  8:17  Zergling x16  
  54  8:24  Spore Crawler x2  
  54  8:25  Spore Crawler  
  54  8:26  Glial Reconstitution  
  50  8:28  Hydralisk Den  
  50  8:32  Zergling x4  
  46  8:52  Zerg Missile Weapons Level 1  
  44  9:19  Spore Crawler  
  44  9:21  Spore Crawler  
  44  9:23  Spore Crawler  
  41  9:26  Spore Crawler x2  
  41  9:30  Baneling x2  
  41  9:31  Baneling x7  
  39  9:32  Zergling x14  
  39  9:37  Overlord  
  45  9:42  Extractor  
  44  10:01  Drone  
  37  10:20  Zergling x6  
  38  10:32  Hatchery  
  37  10:39  Zergling x2  
Show
View Real Time Build Order
Export as new Build Order

murkleston Terran - Winner!

Build Orders: Reaper Expand 

Get SALT Encoding   

  12  0:01  SCV  
  13  0:13  SCV  
  14  0:18  Supply Depot  
  14  0:25  SCV  
  15  0:40  SCV  
  15  0:41  Barracks  
  16  0:45  Refinery  
  16  0:52  SCV  
  17  1:04  SCV  
  18  1:16  SCV  
  19  1:29  Orbital Command  
  19  1:30  Reaper  
  20  1:49  Command Center  
  20  1:55  SCV  
  21  2:12  SCV  
  22  2:17  Supply Depot  
  22  2:20  Refinery  
  22  2:26  Barracks Reactor  
  22  2:28  Factory  
  22  2:35  SCV  
  23  2:42  Supply Depot  
  23  2:47  SCV  
  24  2:56  Engineering Bay  
  24  2:59  SCV  
  25  3:26  SCV  
  27  3:27  Orbital Command  
  26  3:40  SCV  
  26  3:41  Starport  
  27  3:46  Refinery  
  27  3:50  Supply Depot  
  27  3:55  SCV x2  
  29  4:05  Hellion x2  
  29  4:07  SCV x2  
  35  4:12  Marine  
  36  4:18  Refinery  
  36  4:19  SCV  
  37  4:31  Hellion x2  
  41  4:37  Starport Tech Lab  
  41  4:40  Fusion Core, SCV x2  
  41  4:43  Weapon Refit  
  41  4:44  Armory  
  43  4:47  Armory, Supply Depot  
  43  4:52  SCV x2  
  45  4:56  Hellion x2  
  45  4:58  Viking  
  51  5:04  SCV x2  
  53  5:23  Marine  
  53  5:38  Battlecruiser  
  53  5:41  Terran Vehicle And Ship Armor Level 1, Terran Ship Weapons Level 1  
  59  5:44  SCV x2  
  59  5:47  Starport  
  49  6:23  Hellion x2  
  49  6:24  SCV x2  
  55  6:30  Starport Tech Lab, Command Center  
  55  6:38  SCV x2  
  57  6:50  Battlecruiser x2  
  69  6:55  Supply Depot  
  69  6:56  SCV, Supply Depot  
  70  7:16  SCV  
  70  7:20  SCV  
  70  7:21  Starport  
  72  7:25  Command Center  
  72  7:28  SCV  
  73  7:34  SCV  
  74  7:40  SCV  
  75  7:51  SCV  
  75  7:53  Orbital Command  
  68  8:06  Battlecruiser x2  
  66  8:15  SCV x2  
  63  8:23  Supply Depot  
  63  8:24  Supply Depot  
  63  8:26  SCV  
  64  8:27  SCV  
  64  8:28  SCV  
  66  8:41  Marine  
  67  8:42  Hellion  
  67  8:43  Hellion  
  71  9:00  Starport Tech Lab  
  71  9:15  Battlecruiser x2  
  83  9:47  Battlecruiser  
  89  10:26  Battlecruiser x2  
Tags
 
Add a new tag
Caveats
  • Supply blocks, unpowered buildings, or Contaminate may cause inaccurate times.
  • Supply counts are checked every 10 seconds.